Carnivores vs Sewer Rats
(R1)
Created - December 9, 2018 at 19:39
Goals
|
| Carnivores |
1 |
1 |
0 |
2 |
| Sewer Rats |
1 |
2 |
1 |
4 |
|
Shots
|
| Carnivores |
13 |
6 |
7 |
26 |
| Sewer Rats |
10 |
16 |
13 |
39 |
|
1st period
1. Sewer Rats , Mark Mancari 17 (Kyle Turris 8, Ville Leino 28) at 12:48 (PP)
2. Carnivores , Chris Lawrence 10 (Blake Geoffrion 17, Scott Laughton 12) at 19:20 (PP)
Penalties :
Nate Schmidt (Bre) for Holding (Minor) at 12:41, Jonathan Huberdeau (Tol) for Holding (Minor) at 19:14
2nd period
3. Carnivores , Scott Laughton 10 (Chris Lawrence 17, Mat Clark 5) at 4:45
4. Sewer Rats , William Karlsson 8 (Ville Leino 29) at 14:47
5. Sewer Rats , William Karlsson 9 (Martin Frk 9) at 17:26
Penalties :
Markus Granlund (Bre) for Goalie Interference (Minor) at 2:46, Jonathan Huberdeau (Tol) for Tripping (Minor) at 4:31, Scott Laughton (Bre) for Interference (Minor) at 14:55
3rd period
6. Sewer Rats , Mark Mancari 18 (Ville Leino 30, Kyle Turris 9) at 17:01 (PP)
Penalties :
Scott Laughton (Bre) for Slashing (Minor) at 1:20, Chris Lawrence (Bre) for Roughing (Minor) at 5:13, Jeremy Welsh (Bre) for Cross-checking (Minor) at 7:32, Stanislav Galiev (Bre) for Tripping (Minor) at 16:57, Daniel Carr (Tol) for Interference (Minor) at 18:52
Goalie Stats
Antti Raanta (Bre), 35 saves from 39 shots - (0.897), L, 1-6-2, 60:00 minutes
Marek Mazanek (Tol), 24 saves from 26 shots - (0.923), W, 17-4-1, 60:00 minutes
Players Stats for Carnivores
Player Name G A P +/- PIM S H SB GA TA FO MP PP MP PK MP
------------------------------------------------------------------------------------
Blake Geoffrion 0 1 1 0 0 7 0 0 2 0 0/3 17:00 1:59 0:09
Chris Lawrence 1 1 2 1 2 6 3 0 1 1 1/2 21:23 1:59 4:16
Curtis Lazar 0 0 0 0 0 0 0 0 0 0 0/0 0:04 0:04 0:00
David Schlemko 0 0 0 0 0 1 0 1 0 1 0/0 17:45 0:00 3:38
Frederik Gauthier 0 0 0 -1 0 0 0 0 0 0 2/9 11:41 0:00 5:28
Hunter Shinkaruk 0 0 0 -1 0 1 0 0 0 0 0/0 7:00 0:00 0:50
Jeremy Welsh 0 0 0 -1 2 1 2 1 1 0 0/0 16:31 0:59 0:00
Jeremy Williams 0 0 0 -1 0 3 1 1 2 0 0/0 15:20 0:00 0:00
Josh Manson 0 0 0 -1 0 1 1 0 0 0 0/0 11:31 0:00 0:05
Mark McNeill 0 0 0 0 0 0 1 0 0 0 0/0 13:45 0:59 2:15
Markus Granlund 0 0 0 -1 2 0 0 1 0 0 6/10 17:45 0:59 1:27
Mat Clark 0 1 1 0 0 0 2 2 0 1 0/0 19:18 2:11 0:00
Mattias Backman 0 0 0 0 0 0 0 0 0 0 0/0 4:59 0:00 0:21
Nate Schmidt 0 0 0 0 2 0 1 2 0 0 0/0 28:41 2:11 5:53
Nicolas Kerdiles 0 0 0 0 0 2 1 0 1 1 0/0 12:05 0:00 1:59
Sasha Pokulok 0 0 0 0 0 1 0 1 0 0 0/0 21:17 0:47 6:09
Scott Laughton 1 1 2 1 4 1 2 1 0 0 9/22 18:19 1:55 1:05
Stanislav Galiev 0 0 0 -1 2 0 1 0 0 0 0/0 6:09 0:00 0:00
T.J Brodie 0 0 0 -1 0 2 0 1 0 2 0/0 16:28 0:47 3:38
Zack Smith 0 0 0 0 0 0 1 1 0 0 5/14 12:46 0:00 2:15
Players Stats for Sewer Rats
Player Name G A P +/- PIM S H SB GA TA FO MP PP MP PK MP
------------------------------------------------------------------------------------
Anthony Duclair 0 0 0 0 0 0 0 0 1 0 0/0 12:25 0:00 0:00
Connor Carrick 0 0 0 0 0 0 0 0 0 1 0/0 12:50 0:00 0:00
Daniel Carr 0 0 0 2 2 1 4 0 1 0 0/0 10:52 0:25 0:13
Dmitrij Jaskin 0 0 0 0 0 2 1 0 2 0 0/0 13:04 0:10 0:00
Erik Condra 0 0 0 0 0 0 0 0 0 0 0/1 5:27 4:16 0:36
Joel Edmundson 0 0 0 2 0 0 3 0 0 1 0/0 19:42 4:19 1:13
Jonathan Huberdeau 0 0 0 0 4 2 1 0 0 0 2/2 19:28 4:15 0:00
Jonathan Marchessault 0 0 0 0 0 1 2 0 0 1 7/11 13:46 4:16 0:00
Kyle Turris 0 2 2 -1 0 6 5 0 0 0 13/22 22:14 5:26 1:55
Mark Mancari 2 0 2 0 0 4 3 0 0 0 0/0 20:50 5:11 0:36
Martin Frk 0 1 1 1 0 2 0 0 0 0 0/0 11:19 0:00 0:35
Matt Lashoff 0 0 0 -1 0 2 3 1 2 1 0/0 27:28 5:33 1:45
Nick Cousins 0 0 0 0 0 5 1 0 0 0 3/5 12:25 0:00 0:00
Ryan Murphy 0 0 0 2 0 0 0 1 0 0 0/0 19:42 4:19 1:13
Steven Kampfer 0 0 0 -1 0 1 1 0 0 2 0/0 27:28 5:33 1:45
Ville Leino 0 3 3 0 0 9 3 0 0 0 4/7 24:30 5:26 1:44
William Karlsson 2 0 2 2 0 3 1 1 0 1 8/12 10:25 0:10 0:17
Xavier Ouellet 0 0 0 0 0 1 0 1 0 0 0/0 12:50 0:00 0:00
3 Stars
1 - William Karlsson (Tol)
2 - Mark Mancari (Tol)
3 - Ville Leino (Tol)
Power Play
Carnivores - 1 on 3 Attempt(s) - 33.33%
Sewer Rats - 2 on 7 Attempt(s) - 28.57%
Penalty Kill
Carnivores - 5 on 7 Attempt(s) - 71.43%
- Score 0 goal in Penalty Kill
Sewer Rats - 2 on 3 Attempt(s) - 66.67%
- Score 0 goal in Penalty Kill
Team Stat
Carnivores - Hits : 16 - Faceoff Wins : 23 - Blocked Shots : 12 - Penalty Minutes : 14
Sewer Rats - Hits : 28 - Faceoff Wins : 37 - Blocked Shots : 4 - Penalty Minutes : 6
Official
Referees : Unknown
Linesman : Unknown
Game Notes
No Game Note
Finance
Level 1 -- Attendance: 1562 (78.10%) -- Ticket Income $54,670
Level 2 -- Attendance: 759 (75.90%) -- Ticket Income $12,903
Total Attendance: 2321 (77.37%)
Total Ticket Income: $67,573
Other Income: $3,379
Total Income: $70,952
Carnivores
5 vs 5 Forward
Center Left Wing Right Wing Time % Phy DF OF
1 Scott Laughton Blake Geoffrion Chris Lawrence 40 1 2 2
2 Markus Granlund Jeremy Welsh Jeremy Williams 30 1 2 2
3 Zack Smith Nicolas Kerdiles Mark McNeill 20 1 2 2
4 Frederik Gauthier Hunter Shinkaruk Stanislav Galiev 10 1 2 2
5 vs 5 Defense
Defense Defense Time % Phy DF OF
1 Mat Clark Nate Schmidt 40 1 2 2
2 Sasha Pokulok David Schlemko 30 1 2 2
3 T.J Brodie Josh Manson 20 1 2 2
4 Mattias Backman Nate Schmidt 10 1 2 2
PowerPlay Forward
Center Left Wing Right Wing Time % Phy DF OF
1 Scott Laughton Blake Geoffrion Chris Lawrence 60 1 1 3
2 Markus Granlund Jeremy Welsh Mark McNeill 40 1 1 3
PowerPlay Defense
Defense Defense Time % Phy DF OF
1 Mat Clark Nate Schmidt 60 1 2 2
2 T.J Brodie Sasha Pokulok 40 1 2 2
Penalty Kill 4 Players Forward
Center Wing Time % Phy DF OF
1 Frederik Gauthier Chris Lawrence 60 1 2 2
2 Zack Smith Mark McNeill 40 1 2 2
Penalty Kill 4 Players Defense
Defense Defense Time % Phy DF OF
1 Sasha Pokulok Nate Schmidt 60 1 2 2
2 T.J Brodie David Schlemko 40 1 2 2
Penalty Kill - 3 Players Forward
Forward Time % Phy DF OF
1 Chris Lawrence 60 1 2 2
2 Frederik Gauthier 40 1 2 2
Penalty Kill - 3 Players Defense
Defense Defense Time % Phy DF OF
1 Sasha Pokulok Nate Schmidt 60 1 2 2
2 T.J Brodie David Schlemko 40 1 2 2
4 vs 4 Forward
Center Wing Time % Phy DF OF
1 Scott Laughton Chris Lawrence 60 1 2 2
2 Markus Granlund Blake Geoffrion 40 1 2 2
4 vs 4 Defense
Defense Defense Time % Phy DF OF
1 Mat Clark Nate Schmidt 60 1 2 2
2 T.J Brodie David Schlemko 40 1 2 2
Last Minutes Offensive
Center Left Wing Right Wing Defense Defense
Scott Laughton Nicolas Kerdiles Chris Lawrence Nate Schmidt T.J Brodie
Last Minutes Defensive
Center Left Wing Right Wing Defense Defense
Frederik Gauthier Nicolas Kerdiles Mark McNeill Nate Schmidt T.J Brodie
Goaltenders
Starting : Antti Raanta
Backup : Tristan Jarry
Extra Forwards
Normal : Curtis Lazar, Scott Laughton, Jeremy Welsh - PP : Curtis Lazar, Frederik Gauthier - PK : Markus Granlund
Extra Defensemen
Normal : Mattias Backman, T.J Brodie, David Schlemko - PP : Mattias Backman - PK : Mattias Backman, T.J Brodie
Penalty Shots
Scott Laughton, Markus Granlund, Chris Lawrence, Hunter Shinkaruk, Jeremy Welsh
Scratches
Adam Almquist (Healthy), Connor Clifton (Healthy), Mark MacMillan (Healthy), Nikita Alexeev (Separated Right Shoulder Injury), Tyler Graovac (Healthy)
Troy Bourke (Healthy), Alexandre Mallet (Healthy), Michael Schumacher (Healthy), Niklas Svedberg (Healthy)
Sewer Rats
5 vs 5 Forward
Center Left Wing Right Wing Time % Phy DF OF
1 Kyle Turris Jonathan Huberdeau Mark Mancari 35 1 2 2
2 Jonathan Marchessault Ville Leino Martin Frk 27 1 2 2
3 William Karlsson Daniel Carr Ville Leino 25 1 2 2
4 Nick Cousins Anthony Duclair Dmitrij Jaskin 13 1 2 2
5 vs 5 Defense
Defense Defense Time % Phy DF OF
1 Matt Lashoff Steven Kampfer 40 1 2 2
2 Joel Edmundson Ryan Murphy 30 1 2 2
3 Connor Carrick Xavier Ouellet 20 1 2 2
4 Matt Lashoff Steven Kampfer 10 1 2 2
PowerPlay Forward
Center Left Wing Right Wing Time % Phy DF OF
1 Kyle Turris Ville Leino Mark Mancari 60 1 2 2
2 Jonathan Marchessault Jonathan Huberdeau Erik Condra 40 1 2 2
PowerPlay Defense
Defense Defense Time % Phy DF OF
1 Matt Lashoff Steven Kampfer 60 1 2 2
2 Joel Edmundson Ryan Murphy 40 1 2 2
Penalty Kill 4 Players Forward
Center Wing Time % Phy DF OF
1 Ville Leino Kyle Turris 60 1 2 2
2 Mark Mancari Erik Condra 40 1 2 2
Penalty Kill 4 Players Defense
Defense Defense Time % Phy DF OF
1 Matt Lashoff Steven Kampfer 60 1 2 2
2 Joel Edmundson Ryan Murphy 40 1 2 2
Penalty Kill - 3 Players Forward
Forward Time % Phy DF OF
1 Ville Leino 60 1 2 2
2 Kyle Turris 40 1 2 2
Penalty Kill - 3 Players Defense
Defense Defense Time % Phy DF OF
1 Matt Lashoff Steven Kampfer 60 1 2 2
2 Joel Edmundson Ryan Murphy 40 1 2 2
4 vs 4 Forward
Center Wing Time % Phy DF OF
1 Ville Leino Kyle Turris 60 1 2 2
2 Mark Mancari Erik Condra 40 1 2 2
4 vs 4 Defense
Defense Defense Time % Phy DF OF
1 Matt Lashoff Steven Kampfer 60 1 2 2
2 Joel Edmundson Ryan Murphy 40 1 2 2
Last Minutes Offensive
Center Left Wing Right Wing Defense Defense
Kyle Turris Ville Leino Mark Mancari Matt Lashoff Steven Kampfer
Last Minutes Defensive
Center Left Wing Right Wing Defense Defense
Kyle Turris Ville Leino Mark Mancari Matt Lashoff Steven Kampfer
Goaltenders
Starting : Marek Mazanek
Backup : Antoine Bibeau
Extra Forwards
Normal : Daniel Carr, William Karlsson, Martin Frk - PP : Daniel Carr, William Karlsson - PK : Martin Frk
Extra Defensemen
Normal : Connor Carrick, Xavier Ouellet, Joel Edmundson - PP : Connor Carrick - PK : Xavier Ouellet, Joel Edmundson
Penalty Shots
Ville Leino, Kyle Turris, Mark Mancari, Erik Condra, Jonathan Huberdeau
Scratches
Vincent Trocheck (Right Wrist Injury), Dominik Kubalik (Healthy), Mattias Ekholm (Left Hand Injury), Josh Archibald (Healthy), Jarred Tinordi (Strained Right Knee Injury)
Jonathan Racine (Healthy), Joseph Blandisi (Healthy), John Ramage (Strained Right Knee Injury), Tyler Motte (Healthy), Chris Calhan (Healthy)
Sergei Kostenko (Healthy)
% Time on Ice - Carnivores
Lines # - Real PCT - Wanted PCT - Time Play
Normal Forward
1 - 32% - 40% - 14:55
2 - 34% - 30% - 15:48
3 - 21% - 20% - 10:03
4 - 13% - 10% - 6:10
Normal Defense
1 - 37% - 40% - 17:10
2 - 31% - 30% - 14:27
3 - 24% - 20% - 11:23
4 - 8% - 10% - 3:56
PP Forward
1 - 67% - 60% - 1:59
2 - 33% - 40% - 0:59
PP Defense
1 - 74% - 60% - 2:11
2 - 26% - 40% - 0:47
PK Forward
1 - 77% - 60% - 7:37
2 - 23% - 40% - 2:15
PK Defense
1 - 63% - 60% - 6:14
2 - 37% - 40% - 3:38
PK3 Forward
1 - 0% - 60%
2 - 0% - 40%
PK3 Defense
1 - 0% - 60%
2 - 0% - 40%
44 Forward
1 - 100% - 60% - 0:14
2 - 0% - 40% - 0:00
44 Defense
1 - 100% - 60% - 0:14
2 - 0% - 40% - 0:00
Last Minute Offensive - 0:00
Last Minute Defensive - 0:00
Total
Forward - 60:00
Defense - 60:00
|
% Time on Ice - Sewer Rats
Lines # - Real PCT - Wanted PCT - Time Play
Normal Forward
1 - 32% - 35% - 14:51
2 - 21% - 27% - 9:54
3 - 21% - 25% - 9:46
4 - 26% - 13% - 12:25
Normal Defense
1 - 40% - 40% - 18:39
2 - 30% - 30% - 14:10
3 - 27% - 20% - 12:50
4 - 3% - 10% - 1:17
PP Forward
1 - 57% - 60% - 5:36
2 - 43% - 40% - 4:16
PP Defense
1 - 56% - 60% - 5:33
2 - 44% - 40% - 4:19
PK Forward
1 - 80% - 60% - 2:22
2 - 20% - 40% - 0:36
PK Defense
1 - 59% - 60% - 1:45
2 - 41% - 40% - 1:13
PK3 Forward
1 - 0% - 60%
2 - 0% - 40%
PK3 Defense
1 - 0% - 60%
2 - 0% - 40%
44 Forward
1 - 100% - 60% - 0:14
2 - 0% - 40% - 0:00
44 Defense
1 - 100% - 60% - 0:14
2 - 0% - 40% - 0:00
Last Minute Offensive - 0:00
Last Minute Defensive - 0:00
Total
Forward - 60:00
Defense - 60:00
|
Play by Play
1st period
0:01 of 1st period - Scott Laughton wins face-off versus Kyle Turris in neutral zone.
0:12 of 1st period - Mat Clark is hit by Kyle Turris and loses puck.
0:25 of 1st period - Matt Lashoff is hit by Jeremy Williams.
0:52 of 1st period - Mark McNeill is hit by Ville Leino and loses puck.
2:28 of 1st period - Slapshot by Jeremy Williams.
2:28 of 1st period - Stopped by Marek Mazanek with a rebound.
2:30 of 1st period - Slapshot by Josh Manson.
2:30 of 1st period - Stopped by Marek Mazanek without a rebound.
2:31 of 1st period - Nick Cousins wins face-off versus Markus Granlund in Sewer Rats zone.
2:38 of 1st period - Wrist shot by Anthony Duclair.
2:38 of 1st period - Deflect By Nick Cousins.
2:38 of 1st period - Shot Misses the Net.
2:38 of 1st period - Puck is out of play.
2:39 of 1st period - Nick Cousins wins face-off versus Scott Laughton in Carnivores zone.
2:44 of 1st period - Wrist shot by Chris Lawrence.
2:44 of 1st period - Stopped by Marek Mazanek with a rebound.
2:46 of 1st period - Slapshot by Sasha Pokulok.
2:46 of 1st period - Shot Misses the Net.
3:14 of 1st period - Snap shot by Ville Leino.
3:14 of 1st period - Stopped by Antti Raanta with a rebound.
3:34 of 1st period - Snap shot by Kyle Turris.
3:34 of 1st period - Stopped by Antti Raanta with a rebound.
4:06 of 1st period - Snap shot by Hunter Shinkaruk.
4:06 of 1st period - Stopped by Marek Mazanek with a rebound.
4:39 of 1st period - Snap shot by Blake Geoffrion.
4:39 of 1st period - Stopped by Marek Mazanek with a rebound.
4:55 of 1st period - Nicolas Kerdiles is hit by Joel Edmundson and loses puck.
5:14 of 1st period - T.J Brodie is hit by Kyle Turris.
5:28 of 1st period - Anthony Duclair is hit by Jeremy Welsh and loses puck.
5:53 of 1st period - Slapshot by Ville Leino.
5:53 of 1st period - Stopped by Antti Raanta with a rebound.
5:55 of 1st period - Wrist shot by Ville Leino.
5:55 of 1st period - Stopped by Antti Raanta with a rebound.
6:11 of 1st period - Snap shot by Blake Geoffrion.
6:11 of 1st period - Stopped by Marek Mazanek without a rebound.
6:12 of 1st period - Ville Leino wins face-off versus Zack Smith in Sewer Rats zone.
6:12 of 1st period - Ville Leino is hit by Nicolas Kerdiles.
6:46 of 1st period - Kyle Turris is hit by Mark McNeill and loses puck.
6:56 of 1st period - Icing by Mark McNeill.
6:57 of 1st period - Zack Smith wins face-off versus Jonathan Marchessault in Carnivores zone.
7:08 of 1st period - Wrist shot by Blake Geoffrion.
7:08 of 1st period - Shot Misses the Net.
7:49 of 1st period - Stanislav Galiev is hit by Kyle Turris and loses puck.
7:58 of 1st period - Nate Schmidt is hit by Mark Mancari and loses puck.
8:47 of 1st period - Snap shot by Mark Mancari.
8:47 of 1st period - Shot Misses the Net.
9:01 of 1st period - Snap shot by Dmitrij Jaskin.
9:01 of 1st period - Stopped by Antti Raanta with a rebound.
10:36 of 1st period - Snap shot by Chris Lawrence.
10:36 of 1st period - Stopped by Marek Mazanek with a rebound.
11:28 of 1st period - Slapshot by Blake Geoffrion.
11:28 of 1st period - Stopped by Marek Mazanek with a rebound.
11:44 of 1st period - Snap shot by Dmitrij Jaskin.
11:44 of 1st period - Shot Misses the Net.
11:46 of 1st period - Slapshot by Steven Kampfer.
11:46 of 1st period - Stopped by Antti Raanta without a rebound.
11:47 of 1st period - Kyle Turris wins face-off versus Markus Granlund in Carnivores zone.
11:58 of 1st period - Slapshot by Jonathan Huberdeau.
11:58 of 1st period - Stopped by Antti Raanta with a rebound.
12:00 of 1st period - Snap shot by Mark Mancari.
12:00 of 1st period - Shot Blocked by David Schlemko.
12:02 of 1st period - Slapshot by Ryan Murphy.
12:02 of 1st period - Shot Blocked by Jeremy Welsh.
12:14 of 1st period - Slapshot by Martin Frk.
12:14 of 1st period - Stopped by Antti Raanta without a rebound.
12:15 of 1st period - Jonathan Marchessault wins face-off versus Zack Smith in Carnivores zone.
12:41 of 1st period - Minor Penalty to Nate Schmidt for Holding.
12:42 of 1st period - Kyle Turris wins face-off versus Frederik Gauthier in Carnivores zone.
12:48 of 1st period - Wrist shot by Mark Mancari.
12:48 of 1st period - Goal by Mark Mancari - Carnivores : 0 - Sewer Rats : 1.
12:49 of 1st period - Markus Granlund wins face-off versus William Karlsson in neutral zone.
13:03 of 1st period - Snap shot by Daniel Carr.
13:03 of 1st period - Deflect By William Karlsson.
13:03 of 1st period - Shot Blocked by Mat Clark.
13:03 of 1st period - Puck is out of play.
13:04 of 1st period - Kyle Turris wins face-off versus Scott Laughton in Carnivores zone.
13:38 of 1st period - Snap shot by Jeremy Williams.
13:38 of 1st period - Shot Blocked by Ryan Murphy.
14:14 of 1st period - Slapshot by Sasha Pokulok.
14:14 of 1st period - Stopped by Marek Mazanek with a rebound.
14:36 of 1st period - Slapshot by Blake Geoffrion.
14:36 of 1st period - Stopped by Marek Mazanek with a rebound.
14:38 of 1st period - Snap shot by Blake Geoffrion.
14:38 of 1st period - Stopped by Marek Mazanek with a rebound.
14:47 of 1st period - Off-side.
14:48 of 1st period - Markus Granlund wins face-off versus William Karlsson in neutral zone.
14:55 of 1st period - Snap shot by Jeremy Williams.
14:55 of 1st period - Shot Misses the Net.
17:20 of 1st period - Slapshot by Jeremy Welsh.
17:20 of 1st period - Shot Misses the Net.
17:36 of 1st period - Sasha Pokulok is hit by Steven Kampfer and loses puck.
17:51 of 1st period - Martin Frk is hit by Scott Laughton.
18:24 of 1st period - Icing by Frederik Gauthier.
18:25 of 1st period - William Karlsson wins face-off versus Markus Granlund in Carnivores zone.
18:26 of 1st period - Wrist shot by Daniel Carr.
18:26 of 1st period - Deflect By Ville Leino.
18:26 of 1st period - Shot Blocked by Jeremy Williams.
18:26 of 1st period - Puck is out of play.
18:27 of 1st period - William Karlsson wins face-off versus Markus Granlund in Carnivores zone.
18:42 of 1st period - Snap shot by Jeremy Williams.
18:42 of 1st period - Shot Misses the Net.
18:48 of 1st period - Jeremy Williams is hit by Ville Leino and loses puck.
18:53 of 1st period - Snap shot by Daniel Carr.
18:53 of 1st period - Shot Blocked by T.J Brodie.
18:55 of 1st period - Snap shot by Daniel Carr.
18:55 of 1st period - Shot Misses the Net.
18:57 of 1st period - Wrist shot by William Karlsson.
18:57 of 1st period - Shot Hit the Post.
18:59 of 1st period - Slapshot by Ville Leino.
18:59 of 1st period - Stopped by Antti Raanta without a rebound.
19:00 of 1st period - Scott Laughton wins face-off versus Kyle Turris in Carnivores zone.
19:00 of 1st period - Scott Laughton is hit by Kyle Turris.
19:12 of 1st period - Wrist shot by Blake Geoffrion.
19:12 of 1st period - Shot Misses the Net.
19:14 of 1st period - Minor Penalty to Jonathan Huberdeau for Holding.
19:15 of 1st period - Scott Laughton wins face-off versus Ville Leino in Sewer Rats zone.
19:18 of 1st period - Wrist shot by Blake Geoffrion.
19:18 of 1st period - Stopped by Marek Mazanek with a rebound.
19:20 of 1st period - Snap shot by Chris Lawrence.
19:20 of 1st period - Goal by Chris Lawrence - Carnivores : 1 - Sewer Rats : 1.
19:21 of 1st period - Scott Laughton wins face-off versus Jonathan Marchessault in neutral zone.
Goals for this period are 1 for Carnivores vs 1 for Sewer Rats.
Shots for this period are 13 for Carnivores vs 10 for Sewer Rats.
2nd period
0:01 of 2nd period - Jonathan Marchessault wins face-off versus Blake Geoffrion in neutral zone.
0:10 of 2nd period - Wrist shot by Martin Frk.
0:10 of 2nd period - Shot Misses the Net.
0:12 of 2nd period - Wrist shot by Jonathan Marchessault.
0:12 of 2nd period - Shot Blocked by Scott Laughton.
0:14 of 2nd period - Snap shot by Ville Leino.
0:14 of 2nd period - Stopped by Antti Raanta without a rebound.
0:15 of 2nd period - Markus Granlund wins face-off versus Kyle Turris in Carnivores zone.
0:15 of 2nd period - Markus Granlund is hit by Mark Mancari.
0:40 of 2nd period - Chris Lawrence is hit by Matt Lashoff.
0:46 of 2nd period - Snap shot by Daniel Carr.
0:46 of 2nd period - Stopped by Antti Raanta without a rebound.
0:47 of 2nd period - William Karlsson wins face-off versus Blake Geoffrion in Carnivores zone.
2:00 of 2nd period - Snap shot by Ville Leino.
2:00 of 2nd period - Stopped by Antti Raanta with a rebound.
2:22 of 2nd period - Wrist shot by Chris Lawrence.
2:22 of 2nd period - Stopped by Marek Mazanek with a rebound.
2:36 of 2nd period - Slapshot by Ville Leino.
2:36 of 2nd period - Shot Misses the Net.
2:46 of 2nd period - Minor Penalty to Markus Granlund for Goalie Interference.
2:47 of 2nd period - Frederik Gauthier wins face-off versus Kyle Turris in Carnivores zone.
2:47 of 2nd period - Frederik Gauthier is hit by Mark Mancari.
2:53 of 2nd period - Mark Mancari is hit by Nate Schmidt and loses puck.
3:00 of 2nd period - Slapshot by Matt Lashoff.
3:00 of 2nd period - Shot Misses the Net.
3:02 of 2nd period - Wrist shot by Mark Mancari.
3:02 of 2nd period - Stopped by Antti Raanta without a rebound.
3:03 of 2nd period - Ville Leino wins face-off versus Frederik Gauthier in Carnivores zone.
4:04 of 2nd period - Icing by Jonathan Marchessault.
4:05 of 2nd period - Scott Laughton wins face-off versus Kyle Turris in Sewer Rats zone.
4:16 of 2nd period - Snap shot by Nicolas Kerdiles.
4:16 of 2nd period - Stopped by Marek Mazanek without a rebound.
4:17 of 2nd period - Frederik Gauthier wins face-off versus Erik Condra in Sewer Rats zone.
4:18 of 2nd period - Snap shot by Chris Lawrence.
4:18 of 2nd period - Shot Misses the Net.
4:31 of 2nd period - Minor Penalty to Jonathan Huberdeau for Tripping.
4:32 of 2nd period - Scott Laughton wins face-off versus Ville Leino in Sewer Rats zone.
4:43 of 2nd period - Wrist shot by Chris Lawrence.
4:43 of 2nd period - Shot Misses the Net.
4:45 of 2nd period - Wrist shot by Scott Laughton.
4:45 of 2nd period - Goal by Scott Laughton - Carnivores : 2 - Sewer Rats : 1.
4:46 of 2nd period - Penalty to Markus Granlund is over, Markus Granlund is back on ice.
4:46 of 2nd period - Chris Lawrence wins face-off versus Ville Leino in neutral zone.
4:49 of 2nd period - Snap shot by Blake Geoffrion.
4:49 of 2nd period - Shot Misses the Net.
5:41 of 2nd period - Mark Mancari is hit by Scott Laughton.
6:31 of 2nd period - Penalty to Jonathan Huberdeau is over, Jonathan Huberdeau is back on ice.
6:49 of 2nd period - Jonathan Huberdeau is hit by Stanislav Galiev and loses puck.
7:12 of 2nd period - Jeremy Williams is hit by Nick Cousins and loses puck.
7:31 of 2nd period - Snap shot by William Karlsson.
7:31 of 2nd period - Stopped by Antti Raanta with a rebound.
8:50 of 2nd period - Snap shot by Chris Lawrence.
8:50 of 2nd period - Shot Blocked by Matt Lashoff.
10:22 of 2nd period - David Schlemko is hit by Jonathan Huberdeau and loses puck.
10:33 of 2nd period - Markus Granlund is hit by Daniel Carr.
10:34 of 2nd period - Icing by Markus Granlund.
10:35 of 2nd period - Markus Granlund wins face-off versus William Karlsson in Carnivores zone.
10:48 of 2nd period - Jeremy Welsh is hit by Daniel Carr and loses puck.
11:29 of 2nd period - Wrist shot by Kyle Turris.
11:29 of 2nd period - Stopped by Antti Raanta with a rebound.
11:41 of 2nd period - Wrist shot by Ville Leino.
11:41 of 2nd period - Shot Misses the Net.
11:43 of 2nd period - Snap shot by Jonathan Marchessault.
11:43 of 2nd period - Stopped by Antti Raanta without a rebound.
11:44 of 2nd period - Jonathan Marchessault wins face-off versus Frederik Gauthier in Carnivores zone.
12:41 of 2nd period - Snap shot by Jeremy Williams.
12:41 of 2nd period - Stopped by Marek Mazanek without a rebound.
12:42 of 2nd period - Kyle Turris wins face-off versus Scott Laughton in Sewer Rats zone.
12:42 of 2nd period - Kyle Turris is hit by Mat Clark.
13:15 of 2nd period - Slapshot by Jonathan Marchessault.
13:15 of 2nd period - Shot Blocked by Nate Schmidt.
13:17 of 2nd period - Slapshot by Martin Frk.
13:17 of 2nd period - Stopped by Antti Raanta without a rebound.
13:18 of 2nd period - Zack Smith wins face-off versus Kyle Turris in Carnivores zone.
14:14 of 2nd period - Dmitrij Jaskin is hit by Jeremy Welsh and loses puck.
14:45 of 2nd period - Wrist shot by William Karlsson.
14:45 of 2nd period - Shot Blocked by Markus Granlund.
14:47 of 2nd period - Wrist shot by William Karlsson.
14:47 of 2nd period - Goal by William Karlsson - Carnivores : 2 - Sewer Rats : 2.
14:48 of 2nd period - Kyle Turris wins face-off versus Scott Laughton in neutral zone.
14:53 of 2nd period - Slapshot by Kyle Turris.
14:53 of 2nd period - Stopped by Antti Raanta with a rebound.
14:55 of 2nd period - Minor Penalty to Scott Laughton for Interference.
14:56 of 2nd period - Kyle Turris wins face-off versus Frederik Gauthier in Carnivores zone.
14:59 of 2nd period - Slapshot by Kyle Turris.
14:59 of 2nd period - Shot Blocked by Sasha Pokulok.
15:05 of 2nd period - Wrist shot by Ville Leino.
15:05 of 2nd period - Stopped by Antti Raanta with a rebound.
15:12 of 2nd period - Slapshot by Kyle Turris.
15:12 of 2nd period - Stopped by Antti Raanta with a rebound.
15:48 of 2nd period - David Schlemko is hit by Joel Edmundson and loses puck.
16:50 of 2nd period - Zack Smith is hit by Daniel Carr and loses puck.
16:55 of 2nd period - Penalty to Scott Laughton is over, Scott Laughton is back on ice.
17:21 of 2nd period - Josh Manson is hit by William Karlsson and loses puck.
17:26 of 2nd period - Wrist shot by William Karlsson.
17:26 of 2nd period - Goal by William Karlsson - Carnivores : 2 - Sewer Rats : 3.
17:27 of 2nd period - Scott Laughton wins face-off versus Jonathan Marchessault in neutral zone.
17:27 of 2nd period - T.J Brodie is hit by Jonathan Marchessault.
17:37 of 2nd period - Snap shot by Ville Leino.
17:37 of 2nd period - Stopped by Antti Raanta without a rebound.
17:38 of 2nd period - Kyle Turris wins face-off versus Blake Geoffrion in Carnivores zone.
17:49 of 2nd period - Slapshot by Mat Clark.
17:49 of 2nd period - Deflect By Chris Lawrence.
17:49 of 2nd period - Stopped by Marek Mazanek with a rebound.
18:25 of 2nd period - David Schlemko is hit by Dmitrij Jaskin and loses puck.
19:07 of 2nd period - Snap shot by Kyle Turris.
19:07 of 2nd period - Stopped by Antti Raanta with a rebound.
19:09 of 2nd period - Snap shot by Matt Lashoff.
19:09 of 2nd period - Deflect By Mark Mancari.
19:09 of 2nd period - Stopped by Antti Raanta with a rebound.
19:29 of 2nd period - Slapshot by David Schlemko.
19:29 of 2nd period - Stopped by Marek Mazanek without a rebound.
19:30 of 2nd period - Jonathan Marchessault wins face-off versus Scott Laughton in Sewer Rats zone.
Goals for this period are 1 for Carnivores vs 2 for Sewer Rats.
Shots for this period are 6 for Carnivores vs 16 for Sewer Rats.
3rd period
0:01 of 3rd period - Scott Laughton wins face-off versus Kyle Turris in neutral zone.
0:48 of 3rd period - Sasha Pokulok is hit by Matt Lashoff and loses puck.
0:57 of 3rd period - Slapshot by Matt Lashoff.
0:57 of 3rd period - Stopped by Antti Raanta without a rebound.
0:58 of 3rd period - Jonathan Huberdeau wins face-off versus Scott Laughton in Carnivores zone.
1:05 of 3rd period - Snap shot by Jonathan Huberdeau.
1:05 of 3rd period - Deflect By Mark Mancari.
1:05 of 3rd period - Shot Misses the Net.
1:05 of 3rd period - Puck is out of play.
1:06 of 3rd period - Kyle Turris wins face-off versus Scott Laughton in Carnivores zone.
1:20 of 3rd period - Minor Penalty to Scott Laughton for Slashing.
1:21 of 3rd period - Kyle Turris wins face-off versus Frederik Gauthier in Carnivores zone.
2:24 of 3rd period - Slapshot by T.J Brodie.
2:24 of 3rd period - Stopped by Marek Mazanek with a rebound.
2:26 of 3rd period - Wrist shot by T.J Brodie.
2:26 of 3rd period - Stopped by Marek Mazanek without a rebound.
2:27 of 3rd period - Jonathan Marchessault wins face-off versus Zack Smith in Sewer Rats zone.
3:20 of 3rd period - Penalty to Scott Laughton is over, Scott Laughton is back on ice.
3:37 of 3rd period - Snap shot by Scott Laughton.
3:37 of 3rd period - Shot Blocked by Xavier Ouellet.
3:39 of 3rd period - Slapshot by Jeremy Williams.
3:39 of 3rd period - Stopped by Marek Mazanek without a rebound.
3:40 of 3rd period - Markus Granlund wins face-off versus Nick Cousins in Sewer Rats zone.
3:41 of 3rd period - Wrist shot by Jeremy Welsh.
3:41 of 3rd period - Shot Misses the Net.
3:53 of 3rd period - Slapshot by Nick Cousins.
3:53 of 3rd period - Stopped by Antti Raanta with a rebound.
3:55 of 3rd period - Slapshot by Xavier Ouellet.
3:55 of 3rd period - Stopped by Antti Raanta with a rebound.
3:57 of 3rd period - Wrist shot by Anthony Duclair.
3:57 of 3rd period - Shot Misses the Net.
4:05 of 3rd period - Wrist shot by Nick Cousins.
4:05 of 3rd period - Stopped by Antti Raanta with a rebound.
4:09 of 3rd period - Slapshot by Nick Cousins.
4:09 of 3rd period - Shot Misses the Net.
4:11 of 3rd period - Slapshot by Nick Cousins.
4:11 of 3rd period - Shot Misses the Net.
4:13 of 3rd period - Snap shot by Anthony Duclair.
4:13 of 3rd period - Shot Misses the Net.
4:15 of 3rd period - Slapshot by Nick Cousins.
4:15 of 3rd period - Stopped by Antti Raanta with a rebound.
5:07 of 3rd period - Snap shot by Nick Cousins.
5:07 of 3rd period - Shot Hit the Post.
5:09 of 3rd period - Wrist shot by Dmitrij Jaskin.
5:09 of 3rd period - Stopped by Antti Raanta without a rebound.
5:10 of 3rd period - Scott Laughton wins face-off versus Kyle Turris in Carnivores zone.
5:10 of 3rd period - Scott Laughton is hit by Kyle Turris.
5:13 of 3rd period - Minor Penalty to Chris Lawrence for Roughing.
5:14 of 3rd period - Kyle Turris wins face-off versus Frederik Gauthier in Carnivores zone.
6:14 of 3rd period - Scott Laughton is hit by Joel Edmundson and loses puck.
7:13 of 3rd period - Penalty to Chris Lawrence is over, Chris Lawrence is back on ice.
7:19 of 3rd period - Nick Cousins is hit by Chris Lawrence.
7:32 of 3rd period - Minor Penalty to Jeremy Welsh for Cross-checking.
7:33 of 3rd period - Jonathan Marchessault wins face-off versus Frederik Gauthier in Carnivores zone.
7:39 of 3rd period - Slapshot by Erik Condra.
7:39 of 3rd period - Shot Misses the Net.
7:57 of 3rd period - Steven Kampfer is hit by Zack Smith and loses puck.
9:32 of 3rd period - Penalty to Jeremy Welsh is over, Jeremy Welsh is back on ice.
9:37 of 3rd period - Mat Clark is hit by Daniel Carr and loses puck.
9:56 of 3rd period - Xavier Ouellet is hit by Mat Clark and loses puck.
10:07 of 3rd period - Blake Geoffrion is hit by Jonathan Marchessault and loses puck.
10:48 of 3rd period - Snap shot by Chris Lawrence.
10:48 of 3rd period - Stopped by Marek Mazanek with a rebound.
11:00 of 3rd period - Joel Edmundson is hit by Josh Manson and loses puck.
11:56 of 3rd period - Slapshot by Jeremy Welsh.
11:56 of 3rd period - Stopped by Marek Mazanek with a rebound.
12:09 of 3rd period - Off-side.
12:10 of 3rd period - Nick Cousins wins face-off versus Zack Smith in neutral zone.
12:18 of 3rd period - Snap shot by Dmitrij Jaskin.
12:18 of 3rd period - Deflect By Nick Cousins.
12:18 of 3rd period - Stopped by Antti Raanta with a rebound.
12:20 of 3rd period - Snap shot by Nick Cousins.
12:20 of 3rd period - Stopped by Antti Raanta without a rebound.
12:21 of 3rd period - Kyle Turris wins face-off versus Scott Laughton in Carnivores zone.
12:49 of 3rd period - Icing by Nicolas Kerdiles.
12:50 of 3rd period - Jonathan Marchessault wins face-off versus Zack Smith in Carnivores zone.
13:42 of 3rd period - Snap shot by Jeremy Williams.
13:42 of 3rd period - Deflect By Jeremy Welsh.
13:42 of 3rd period - Shot Blocked by William Karlsson.
13:42 of 3rd period - Puck is out of play.
13:43 of 3rd period - William Karlsson wins face-off versus Scott Laughton in Sewer Rats zone.
14:10 of 3rd period - Nate Schmidt is hit by Matt Lashoff.
14:16 of 3rd period - Snap shot by Jonathan Huberdeau.
14:16 of 3rd period - Shot Blocked by Mat Clark.
14:30 of 3rd period - Snap shot by Nicolas Kerdiles.
14:30 of 3rd period - Stopped by Marek Mazanek without a rebound.
14:31 of 3rd period - Zack Smith wins face-off versus Nick Cousins in Sewer Rats zone.
14:36 of 3rd period - Slapshot by Nicolas Kerdiles.
14:36 of 3rd period - Shot Misses the Net.
14:55 of 3rd period - Off-side.
14:56 of 3rd period - Jonathan Huberdeau wins face-off versus Scott Laughton in neutral zone.
15:12 of 3rd period - Wrist shot by Blake Geoffrion.
15:12 of 3rd period - Stopped by Marek Mazanek with a rebound.
15:34 of 3rd period - Slapshot by Kyle Turris.
15:34 of 3rd period - Stopped by Antti Raanta without a rebound.
15:35 of 3rd period - William Karlsson wins face-off versus Zack Smith in Carnivores zone.
15:44 of 3rd period - Wrist shot by Daniel Carr.
15:44 of 3rd period - Shot Blocked by Zack Smith.
15:46 of 3rd period - Slapshot by Joel Edmundson.
15:46 of 3rd period - Deflect By William Karlsson.
15:46 of 3rd period - Shot Blocked by Nate Schmidt.
15:46 of 3rd period - Puck is out of play.
15:47 of 3rd period - William Karlsson wins face-off versus Zack Smith in Carnivores zone.
16:12 of 3rd period - Mark Mancari is hit by Chris Lawrence and loses puck.
16:57 of 3rd period - Minor Penalty to Stanislav Galiev for Tripping.
16:58 of 3rd period - Kyle Turris wins face-off versus Chris Lawrence in Carnivores zone.
17:01 of 3rd period - Snap shot by Mark Mancari.
17:01 of 3rd period - Goal by Mark Mancari - Carnivores : 2 - Sewer Rats : 4.
17:02 of 3rd period - William Karlsson wins face-off versus Zack Smith in neutral zone.
17:09 of 3rd period - Wrist shot by Ville Leino.
17:09 of 3rd period - Stopped by Antti Raanta without a rebound.
17:10 of 3rd period - Zack Smith wins face-off versus William Karlsson in Carnivores zone.
17:45 of 3rd period - Slapshot by Zack Smith.
17:45 of 3rd period - Shot Misses the Net.
17:47 of 3rd period - Slapshot by Mat Clark.
17:47 of 3rd period - Deflect By Zack Smith.
17:47 of 3rd period - Shot Misses the Net.
17:47 of 3rd period - Puck is out of play.
17:48 of 3rd period - Kyle Turris wins face-off versus Scott Laughton in Sewer Rats zone.
17:48 of 3rd period - Kyle Turris is hit by Chris Lawrence.
18:14 of 3rd period - Sasha Pokulok is hit by Ville Leino.
18:15 of 3rd period - Icing by Sasha Pokulok.
18:16 of 3rd period - Markus Granlund wins face-off versus Jonathan Marchessault in Carnivores zone.
18:25 of 3rd period - Wrist shot by Ville Leino.
18:25 of 3rd period - Shot Misses the Net.
18:27 of 3rd period - Slapshot by Matt Lashoff.
18:27 of 3rd period - Stopped by Antti Raanta without a rebound.
18:28 of 3rd period - Zack Smith wins face-off versus Kyle Turris in Carnivores zone.
18:37 of 3rd period - Snap shot by Mark Mancari.
18:37 of 3rd period - Shot Misses the Net.
18:39 of 3rd period - Snap shot by Jonathan Huberdeau.
18:39 of 3rd period - Stopped by Antti Raanta without a rebound.
18:40 of 3rd period - William Karlsson wins face-off versus Zack Smith in Carnivores zone.
18:52 of 3rd period - Minor Penalty to Daniel Carr for Interference.
18:53 of 3rd period - Ville Leino wins face-off versus Scott Laughton in Sewer Rats zone.
18:58 of 3rd period - Icing by Scott Laughton.
18:59 of 3rd period - Ville Leino wins face-off versus Scott Laughton in Carnivores zone.
Goals for this period are 0 for Carnivores vs 1 for Sewer Rats.
Shots for this period are 7 for Carnivores vs 13 for Sewer Rats.
Back to the Top